 Dungeon Crawl Stone Soup version 0.24.0-123-gd5b16e6ec5 (webtiles) character file.

Game seed: 4863662215283294523, levelgen mode: deterministic

81 FishyPogo the Stinger (level 4, -3/30 HPs)
             Began as a Merfolk Venom Mage on Dec 24, 2019.
             Slain by a gnoll
             ... wielding a +0 club
              (8 damage)
             ... on level 2 of the Dungeon.
             The game lasted 00:06:38 (1784 turns).

FishyPogo the Stinger (Merfolk Venom Mage)          Turns: 1784, Time: 00:06:39

Health: -3/30      AC:  2    Str:  8    XL:     4   Next: 40%
Magic:  4/7        EV: 14    Int: 15    God:
Gold:   39         SH:  0    Dex: 14    Spells: 1/7 levels left

rFire    . . .     SeeInvis .   f - +0 whip
rCold    . . .     Gourm    .   (no shield)
rNeg     . . .     Faith    .   a - +0 robe
rPois    .         Spirit   .   (no helmet)
rElec    .         Reflect  .   (no cloak)
rCorr    .         Harm     .   (no gloves)
MR       .....                  (no boots)
Stlth    ++........             (no amulet)
HPRegen  0.10/turn              (no ring)
MPRegen  0.10/turn              (no ring)

@: no status effects
A: change form in water, swift swim, stealthy swim
a: no special abilities


You were on level 2 of the Dungeon.
You were very hungry.

You visited 1 branch of the dungeon, and saw 3 of its levels.

You collected 39 gold pieces.

Inventory:

Hand Weapons
 f - a +0 whip (weapon)
Missiles
 b - 33 stones (quivered)
 g - 8 boomerangs
Armour
 a - a +0 robe (worn)
Jewellery
 i - an uncursed ring of magical power {unknown}
Wands
 l - a wand of flame (28)
Scrolls
 d - 2 scrolls of identify
 e - 3 scrolls of remove curse {unknown}
 k - a scroll of noise {unknown}
Potions
 h - 2 potions of curing
 j - a potion of magic {unknown}
 m - a potion of cancellation {unknown}
 n - a potion of berserk rage {unknown}
Comestibles
 c - 6 rations


   Skills:
 + Level 3.9 Dodging
 - Level 3.0 Stealth
 + Level 2.4 Spellcasting
 - Level 1.0 Conjurations
 * Level 4.2 Poison Magic


You had one spell level left.
You knew the following spells:

 Your Spells              Type           Power        Failure   Level  Hunger
a - Sting                 Conj/Pois      #...         8%          1    #......
b - Poisonous Vapours     Pois/Air       #.....       14%         2    ###....
c - Mephitic Cloud        Conj/Pois/Air  #.......     30%         3    ###....

Your spell library contained the following spells:

 Spells                   Type           Power        Failure   Level  Hunger
 Olgreb's Toxic Radiance  Pois           ##......     36%         4    #####..
 Venom Bolt               Conj/Pois      #.........   90%         5    ######.


Dungeon Overview and Level Annotations

Branches:
Dungeon (3/15)

Altars:
Elyvilon
Kikubaaqudgha


Message History

* * * LOW HITPOINT WARNING * * *
The gnoll closely misses you.
There is a stone staircase leading up here.
Casting: Sting (safe; 8% risk of failure)
Confirm with . or Enter, or press ? or * to list all spells.
Aiming: Sting (safe; 8% risk of failure)
Press: ? - help, Shift-Dir - straight line, f - gnoll
Aim: a gnoll, wielding a +0 club (heavily wounded)
The sting hits the gnoll but does no damage.
The gnoll is poisoned.
The gnoll is heavily wounded.
The gnoll misses you.
Casting: Sting (safe; 8% risk of failure)
Confirm with . or Enter, or press ? or * to list all spells.
Aiming: Poisonous Vapours (safe; 14% risk of failure)
Press: ? - help, Dir - move target cursor, f/p - gnoll
Aim: a gnoll, wielding a +0 club (almost dead, poisoned) Poisonous vapours surround the gnoll!
The gnoll looks even sicker.
The gnoll hits you with a +0 club!
You die...

.# #...#.# .........## .#
###.#.# #.# #.... ... <####
#.#.# #.# #... #.# ....#
#.#.# #.# #..# ###.####
.##.# #.#.# #.# #..#
#.g...g) .##รท###.#.#
#.#######..###.#.####
........#.#
#.##....<......#.# #
.##.##..#.#
#.##g####..#####.####
.##.##..#.# #<##@# #..#
#..... .)..##..#.#
#.##.####..# ######
.#####..#.# #.##.#.....####
#
....##..#.###.............##
#
###.##.....####............#
# #.##...#.#
#..#.######..######
###.##...#.####..#.#
#........
...#.....#....#..#.#
#.#######
..###.#######....#.#
###........


You could see a gnoll.

Vanquished Creatures
  2 gnolls
  2 adders (D:2)
  An ooze (D:2)
  3 dart slugs (D:1)
  A leopard gecko (D:2)
  A ball python (D:1)
  10 bats
  A goblin (D:1)
  4 hobgoblins
  4 kobolds (D:1)
  3 frilled lizards
  5 rats
37 creatures vanquished.

Notes
Turn   | Place    | Note
-------+----------+-------------------------------------------
     0 | D:1      | FishyPogo the Merfolk Venom Mage began the quest for the
                  | Orb.
     0 | D:1      | Reached XP level 1. HP: 13/13 MP: 3/3
   177 | D:1      | Reached XP level 2. HP: 19/19 MP: 0/5
   181 | D:1      | Learned a level 2 spell: Poisonous Vapours
   200 | D:1      | Reached skill level 1 in Conjurations
   327 | D:1      | You fall into a shaft and drop 1 floor!
   479 | D:1      | Reached XP level 3. HP: 8/24 MP: 0/6
   484 | D:1      | Learned a level 3 spell: Mephitic Cloud
  1282 | D:2      | Found an ancient bone altar of Kikubaaqudgha.
  1379 | D:2      | Found a white marble altar of Elyvilon.
  1401 | D:2      | Reached skill level 4 in Poison Magic
  1493 | D:2      | Reached XP level 4. HP: 29/30 MP: 5/7
  1784 | D:2      | Slain by a gnoll

Levels and vault maps discovered:
D:1:      dpeg_arrival_shelter, layout_basic
D:2:      layout_loops_ring, nicolae_overflow_crystal_walls, elyvilon_altar_3
D:3:      layout_loops_ring, gammafunk_ghost_smash, minmay_liquid_box,
          makhleb_blood_cavern_becter

Skill      XL: |  1  2  3 |
---------------+----------+-----
Dodging        | 3 |  3.9
Conjurations   | 1 |  1.0
Stealth        | 3 |  3.0
Poison Magic   | 4 |  4.2
Spellcasting   | |  2.4

Action                   |  1- 3 |  4- 6 || total
-------------------------+-------+-------++-------
Melee: Unarmed           |    30 |    21 ||    51
       Whip              |       |     2 ||     2
 Cast: Sting             |    53 |    17 ||    70
       Poisonous Vapours |     1 |     1 ||     2
  Use: Scroll            |     2 |       ||     2
  Eat: Chunk             |     3 |       ||     3
Armor: Robe              |     8 |     1 ||     9
Dodge: Dodged            |    20 |    25 ||    45
